Map: Lueur nocturne EC

Players

ShaDoWn - Winner!

  • Race: Protoss Protoss
  • Spawn Location: 11:00

ArT

  • Race: Protoss Protoss
  • Spawn Location: 5:00

Event: DreamHack SC2 Masters 2020 Winter

VOD

Have the link to the VOD?

Description

Time

  • Played on: Oct. 16, 2020, 2:28 p.m.
  • Length: 8:46

All games in this series

Show
View Real Time Build Order
Export as new Build Order

ShaDoWn Protoss - Winner!

Build Orders: Blink Stalkers, Zealot Archon 

Get SALT Encoding   

  12  0:00  Probe  
  13  0:12  Probe  
  14  0:17  Pylon  
  14  0:24  Probe  
  15  0:36  Probe (Chrono Boost)  
  15  0:37  Gateway  
  16  0:45  Probe (Chrono Boost)  
  16  0:46  Assimilator  
  17  0:51  Probe  
  17  0:54  Assimilator  
  18  1:03  Probe (Chrono Boost)  
  19  1:07  Gateway  
  20  1:12  Probe (Chrono Boost)  
  20  1:17  Probe (Chrono Boost)  
  20  1:24  Cybernetics Core  
  21  1:29  Probe  
  21  1:31  Pylon  
  22  1:41  Probe  
  23  1:53  Probe  
  24  1:57  Warp Gate (Chrono Boost)  
  24  2:01  Stalker  
  26  2:03  Pylon  
  26  2:10  Stalker  
  28  2:16  Probe  
  29  2:31  Sentry  
  29  2:36  Nexus  
  31  2:39  Probe  
  32  2:45  Sentry  
  34  2:51  Probe  
  34  2:58  Twilight Council  
  35  3:03  Probe  
  36  3:10  Pylon  
  36  3:15  Probe  
  37  3:30  Blink (Chrono Boost)  
  37  3:37  Probe  
  37  3:38  Stalker  
  37  3:39  Stalker  
  42  3:44  Shield Battery  
  42  3:48  Probe  
  43  3:49  Probe  
  44  4:01  Probe  
  45  4:02  Stalker x2  
  45  4:05  Probe  
  50  4:12  Pylon  
  50  4:13  Probe  
  51  4:17  Probe  
  51  4:20  Pylon  
  52  4:25  Probe  
  52  4:30  Stalker x2, Probe  
  58  4:37  Probe (Chrono Boost)  
  59  4:40  Robotics Facility  
  59  4:45  Probe (Chrono Boost)  
  60  4:50  Probe (Chrono Boost)  
  61  4:54  Forge  
  61  4:55  Stalker x2  
  61  4:58  Probe (Chrono Boost)  
  61  4:59  Probe (Chrono Boost)  
  66  5:02  Assimilator  
  66  5:06  Probe  
  68  5:08  Pylon  
  68  5:11  Forge  
  64  5:36  Observer  
  59  5:43  Nexus  
  59  5:44  Probe  
  59  5:45  Pylon  
  59  5:47  Stalker x2  
  64  5:52  Charge (Chrono Boost), Gateway  
  64  5:53  Gateway  
  62  5:57  Protoss Ground Weapons Level 1 (Chrono Boost)  
  62  6:01  Probe  
  62  6:02  Probe  
  60  6:13  Probe  
  60  6:14  Probe  
  62  6:20  Stalker, Gateway  
  62  6:21  Gateway  
  62  6:22  Gateway  
  62  6:24  Stalker  
  62  6:25  Probe  
  67  6:27  Probe  
  68  6:36  Shield Battery  
  68  6:37  Probe  
  68  6:39  Probe  
  70  6:45  Observer  
  70  6:46  Stalker x2  
  74  6:54  Gateway, Probe  
  76  6:55  Probe x2  
  76  6:58  Stalker x2  
  82  7:06  Probe  
  83  7:11  Stalker x2  
  83  7:13  Pylon  
  83  7:14  Warp Prism (Chrono Boost)  
  87  7:20  Zealot  
  87  7:21  Zealot  
  93  7:23  Zealot  
  95  7:32  Zealot x2  
  97  7:37  Zealot x2  
  97  7:38  Pylon  
  97  7:44  Zealot x3  
  107  7:51  Zealot  
  107  7:54  Archon  
  107  7:55  Pylon  
  107  7:56  Pylon  
  109  8:04  Zealot x2  
  109  8:05  Zealot x2  
  117  8:17  Zealot x4  
  113  8:30  Stalker x4  
  110  8:44  Stalker  
  110  8:45  Stalker x3  
Show
View Real Time Build Order
Export as new Build Order

ArT Protoss 

Build Orders:  

Get SALT Encoding   

  12  0:00  Probe  
  13  0:12  Probe  
  14  0:17  Pylon  
  14  0:24  Probe (Chrono Boost)  
  15  0:36  Probe (Chrono Boost)  
  15  0:37  Gateway  
  16  0:45  Probe (Chrono Boost)  
  16  0:46  Assimilator  
  17  0:51  Probe  
  17  0:55  Assimilator  
  18  1:03  Probe (Chrono Boost)  
  19  1:09  Gateway  
  19  1:13  Probe (Chrono Boost)  
  20  1:18  Probe  
  21  1:25  Cybernetics Core  
  21  1:30  Probe  
  22  1:36  Pylon  
  22  1:42  Probe  
  23  1:55  Probe  
  24  2:02  Stalker x2, Warp Gate  
  28  2:12  Pylon  
  28  2:22  Probe  
  29  2:29  Stalker (Chrono Boost)  
  33  2:39  Stalker (Chrono Boost)  
  33  2:55  Sentry  
  35  3:01  Nexus  
  35  3:04  Sentry  
  37  3:13  Pylon  
  37  3:15  Probe (Chrono Boost)  
  37  3:21  Shield Battery  
  37  3:26  Probe (Chrono Boost)  
  38  3:31  Probe (Chrono Boost)  
  39  3:39  Twilight Council  
  39  3:46  Probe  
  40  3:56  Forge  
  40  4:00  Robotics Facility, Probe  
  41  4:09  Phoenix  
  41  4:13  Probe (Chrono Boost)  
  43  4:17  Blink, Probe (Chrono Boost)  
  43  4:22  Probe (Chrono Boost)  
  44  4:26  Probe (Chrono Boost)  
  44  4:28  Protoss Ground Weapons Level 1  
  46  4:32  Probe (Chrono Boost)  
  46  4:34  Pylon  
  46  4:36  Probe (Chrono Boost)  
  47  4:42  Probe x2 (Chrono Boost)  
  49  4:48  Observer  
  49  4:50  Probe  
  49  4:52  Probe  
  52  4:57  Gateway  
  52  4:58  Gateway  
  52  5:01  Sentry  
  52  5:02  Probe  
  52  5:04  Probe  
  52  5:06  Assimilator  
  56  5:11  Pylon  
  56  5:15  Probe  
  56  5:16  Probe  
  56  5:19  Stalker  
  60  5:24  Stalker  
  56  5:33  Probe  
  56  5:35  Shield Battery  
  51  5:42  Pylon  
  47  5:46  Stalker  
  47  5:48  Stalker  
  45  5:53  Stalker x2  
  46  6:02  Probe x2 (Chrono Boost)  
  46  6:06  Observer  
  46  6:13  Probe (Chrono Boost)  
  46  6:14  Probe (Chrono Boost)  
  46  6:17  Sentry x2  
  52  6:18  Probe (Chrono Boost)  
  52  6:19  Probe (Chrono Boost)  
  52  6:25  Nexus  
  54  6:30  Pylon  
  54  6:36  Stalker  
  54  6:37  Stalker  
  58  6:44  Probe x2  
  58  6:45  Gateway  
  60  6:52  Stalker x2  
  64  6:57  Warp Prism (Chrono Boost)  
  66  7:02  Probe  
  66  7:06  Probe  
  68  7:12  Stalker x2  
  72  7:19  Pylon  
  72  7:20  Stalker  
  72  7:22  Stalker  
  74  7:32  Shield Battery  
  74  7:39  Stalker x2  
  74  7:41  Probe x2  
  74  7:42  Observer  
  80  7:49  Stalker x2  
  80  7:50  Stalker  
  84  7:58  Shield Battery  
  84  7:59  Shield Battery  
  84  8:05  Stalker x2  
  86  8:10  Probe  
  89  8:13  Stalker  
  89  8:14  Stalker  
  91  8:22  Probe  
  82  8:31  Stalker x4  
Tags
 
Add a new tag
Caveats
  • Supply blocks, unpowered buildings, or Contaminate may cause inaccurate times.
  • Supply counts are checked every 10 seconds.